 Dungeon Crawl Stone Soup version 0.27-b1-42-g19c61b19a5 (webtiles) character file.

Game seed: 7092510447709451696

284 vvl the Skirmisher (level 6, -2/48 HPs)
             Began as a Demonspawn Fighter on July 29, 2021.
             Slain by Sigmund (8 damage)
             ... on level 3 of the Dungeon.
             The game lasted 00:06:27 (3301 turns).

vvl the Skirmisher (Demonspawn Fighter)             Turns: 3301, Time: 00:06:28

Health: -2/48      AC:  6    Str: 18    XL:     6   Next: 7%
Magic:  8/8        EV: 10    Int: 10    God:
Gold:   117        SH:  0    Dex: 12    Spells: 8/8 levels left

rFire    . . .     SeeInvis .   h - +0 long sword (protect)
rCold    . . .     Faith    .   g - +0 buckler
rNeg     . . .     Spirit   .   a - +0 scale mail
rPois    .         Reflect  .   (helmet restricted)
rElec    .         Harm     .   (no cloak)
rCorr    .         Rampage  .   (no gloves)
Will     .....                  (no boots)
Stlth    ..........             (no amulet)
HPRegen  0.16/turn              (no ring)
MPRegen  0.11/turn              (no ring)

@: confused, ambrosia-drunk, flying
A: horns 1, foul stench 1
a: no special abilities


You were on level 3 of the Dungeon.
You visited 1 branch of the dungeon, and saw 3 of its levels.

You collected 117 gold pieces.

Inventory:

Hand Weapons
 h - a +0 long sword of protection (weapon)
Armour
 a - a +0 scale mail (worn)
 g - a +0 buckler (worn)
Scrolls
 d - a scroll of blinking {unknown}
 f - a scroll of enchant weapon {unknown}
 i - a scroll of fear {unknown}
 j - a scroll of vulnerability {unknown}
 k - a scroll of amnesia {unknown}
 l - a scroll of holy word {unknown}
Potions
 c - a potion of lignification {unknown}
 e - a potion of brilliance
 n - a potion of attraction {unknown}
 o - a potion of curing {unknown}


   Skills:
 + Level 3.6 Fighting
 + Level 3.3 Armour
 + Level 1.8 Dodging
 + Level 3.4 Shields
 + Level 2.7 Unarmed Combat
 + Level 1.7 Spellcasting
 + Level 1.7 Transmutations
 + Level 0.4 Air Magic


You had 8 spell levels left.
You didn't know any spells.
Your spell library contained the following spells:

 Spells                   Type           Power      Damage    Failure   Level
 Sting                    Tmut/Pois      8%         1d3       58%         1
 Blink                    Tloc           N/A        N/A       85%         2
 Fulminant Prism          Conj/Hex       0%         3d6       100%        4
 Iskenderun's Mystic Bla  Conj/Tloc      0%         2d3       100%        4
 Lee's Rapid Deconstruct  Erth           0%         3d5*      100%        5
 Manifold Assault         Tloc           0%         N/A       100%        5
 Storm Form               Tmut/Air       1%         N/A       100%        7


Dungeon Overview and Level Annotations

Branches:
Dungeon (3/15)

Altars:

Shops:
D:2 =

Annotations:
D:3 Sigmund


Innate Abilities, Weirdness & Mutations

You have a pair of small horns on your head.
You may rarely emit foul miasma when damaged in melee.


Message History

Sigmund barely misses you.
You barely miss Sigmund. Your headbutt misses Sigmund.
Sigmund hits you with a +0 scythe.
You hit Sigmund.
Your weapon exudes an aura of protection.
Your headbutt misses Sigmund.
Sigmund is lightly wounded.
Sigmund misses you.
You slash Sigmund! Your headbutt misses Sigmund.
Sigmund is moderately wounded.
Sigmund gestures wildly while chanting.
Sigmund flickers and vanishes!
Deactivating autopickup; reactivate with Ctrl-A.
Something hits you.
You hit something. Your headbutt misses something.
You block something's attack.
You miss something. You block something's attack. Something hits you.
You miss something. Something hits you but does no damage.
You miss something. You block something's attack.
You hear some strange, mumbled words.
A magic dart appears from out of thin air!
The magic dart hits you.
You closely miss something. You headbutt something. Something hits you.
You miss something. Your headbutt misses something.
You block something's attack. Something hits you!
You completely miss something. Something hits you!
* * * LOW HITPOINT WARNING * * *
You barely miss something. You headbutt something. Something hits you!
* * * LOW HITPOINT WARNING * * *
It was a potion of flight.
You feel very buoyant.
You fly up into the air.
You hear some strange, mumbled words.
A puff of flame appears from out of thin air!
The puff of flame hits you.
* * * LOW HITPOINT WARNING * * *
It was a potion of ambrosia.
You are confused.
You feel invigorated. Something hits you!
You die...

###.### #.....#
##.###.############
#...##.......†....#
##.###.#...(......#
#.....#.#######..#
#..####.# #.>#
#.###..# #.#
#####..# .......#
#.# #?@....#
######.# #.#
#{###.## #
####.####.#
#†.......
###......#
#.###.###
.......#.# ... ..#
###.####.# #.# ###
# #.# . ... # #.#
## #.# # ### #.#


There were no monsters in sight!

Vanquished Creatures
  A water moccasin zombie (D:3)
  Jessica (D:2)
  Natasha (thrice) (D:2)
  3 gnolls (D:2)
  2 adders (D:2)
  2 worms (D:2)
  3 dart slugs
  5 bats
  3 endoplasms
  3 giant cockroaches
  5 goblins
  6 hobgoblins
  10 jackals (D:3)
  A quokka (D:1)
  9 ball pythons
  3 frilled lizards
  6 kobolds
  6 rats
72 creatures vanquished.

Vanquished Creatures (others)
  5 fungi (D:2)
  6 plants (D:2)
11 creatures vanquished.

Grand Total: 83 creatures vanquished

Notes
Turn   | Place    | Note
-------+----------+-------------------------------------------
     0 | D:1      | vvl the Demonspawn Fighter began the quest for the Orb.
     0 | D:1      | Reached XP level 1. HP: 18/18 MP: 1/1
   227 | D:1      | Gained mutation: You have a pair of small horns on your
                  | head. [demonic ancestry]
   227 | D:1      | Reached XP level 2. HP: 22/24 MP: 2/2
   958 | D:2      | Reached XP level 3. HP: 23/29 MP: 3/3
  1150 | D:2      | Reached skill level 1 in Dodging
  1453 | D:2      | Found Tiolats's Jewellery Shoppe.
  1460 | D:2      | Reached skill level 1 in Transmutations
  1469 | D:2      | Reached skill level 1 in Spellcasting
  1469 | D:2      | Reached XP level 4. HP: 17/35 MP: 5/5
  1752 | D:2      | Noticed Jessica
  1760 | D:2      | Killed Jessica
  1772 | D:2      | Found a faded altar of an unknown god.
  1925 | D:2      | Got Plato's Catalogue of Poison
  2083 | D:2      | Noticed Natasha
  2089 | D:2      | Killed Natasha
  2090 | D:2      | Reached XP level 5. HP: 19/41 MP: 6/6
  2516 | D:2      | Noticed Natasha
  2523 | D:2      | Killed Natasha
  2827 | D:2      | Noticed Natasha
  2832 | D:2      | Killed Natasha
  3189 | D:3      | Gained mutation: You may rarely emit foul miasma when
                  | damaged in melee. [demonic ancestry]
  3189 | D:3      | Reached XP level 6. HP: 37/48 MP: 8/8
  3273 | D:3      | Noticed Sigmund
  3300 | D:3      | HP: 1/48 [something/puff of flame (2)]
  3301 | D:3      | Slain by Sigmund

Illustrated notes

Levels and vault maps discovered:
D:1:      scummos_arrival_star, layout_basic
D:2:      layout_basic, shapermc_ecumenical_altar_rom_forum, serial_shops,
          nicolae_shop_competitors_out_of_business, chequers_garden,
          kennysheep_decorative_pillar, hangedman_decor_diamond_cutter,
          minmay_shallow_snake_nest, uniq_natasha, uniq_jessica
D:3:      layout_loops_ring, uniq_ijyb, uniq_sigmund, uniq_crazy_yiuf_cottage

Skill      XL: |  1  2  3 |
---------------+----------+-----
Unarmed Combat | 2 |  2.7
Dodging        | 1 |  1.8
Shields        | 3 |  3.4
Transmutations | 1 |  1.7
Armour         | 3 |  3.3
Spellcasting   | 1 |  1.7
Fighting       | |  3.6
Air Magic      | |  0.4

Action                   |  1- 3 |  4- 6 || total
-------------------------+-------+-------++-------
Melee: Long sword        |    94 |   118 ||   212
       Unarmed           |    13 |       ||    13
       Headbutt          |    11 |    26 ||    37
  Use: Potion            |       |     4 ||     4
Armor: Scale mail        |    47 |    58 ||   105
Dodge: Dodged            |    59 |    73 ||   132
Block: Kite shield       |    23 |       ||    23
       Buckler           |    18 |    27 ||    45
       Rpst.: Long sword |     8 |    25 ||    33
